 Dungeon Crawl Stone Soup version 0.28-a0-556-gab23d0e057 (webtiles) character file.

Game seed: 17068827772483111421

85 miscthings the Chopper (level 4, -1/42 HPs)
             Began as a Naga Fighter on Sept 28, 2021.
             Slain by a phantom (5 damage)
             ... on level 3 of the Dungeon.
             The game lasted 00:02:35 (1821 turns).

miscthings the Chopper (Naga Fighter)               Turns: 1821, Time: 00:02:36

Health: -1/42      AC:  4    Str: 20    XL:     4   Next: 48%
Magic:  4/4        EV:  7    Int:  8    God:
Gold:   70         SH:  4    Dex: 10    Spells: 3/3 levels left

rFire   . . .      SeeInvis +   a - +0 war axe
rCold   . . .      Faith    .   c - +0 buckler
rNeg    . . .      Spirit   .   b - +0 scale mail
rPois   +          Reflect  .   (no helmet)
rElec   .          Harm     .   (no cloak)
rCorr   .          Rampage  .   (no gloves)
Will    .....                   (no barding)
Stlth   ..........              (no amulet)
HPRegen 0.14/turn               (no ring)
MPRegen 0.09/turn               (no ring)

@: very slow
A: AC +1, large, see invisible, deformed body, poison resistance, slowness 2,
spit poison 1, naga tail 1
a: Spit Poison


You were on level 3 of the Dungeon.
You visited 1 branch of the dungeon, and saw 3 of its levels.

You collected 70 gold pieces.

Inventory:

Hand Weapons
 a - a +0 war axe (weapon)
Armour
 b - a +0 scale mail (worn)
 c - a +0 buckler (worn)
Jewellery
 j - an amulet of magic regeneration
Scrolls
 e - a scroll of magic mapping {unknown}
 f - 4 scrolls of identify {unknown}
 h - a scroll of immolation {unknown}
 k - 2 scrolls of silence {unknown}
 l - a scroll of teleportation {unknown}
 m - 2 scrolls of enchant weapon {unknown}
 n - a scroll of noise {unknown}
Potions
 d - a potion of might
 g - a potion of magic
 i - a potion of heal wounds {unknown}


   Skills:
 - Level 3.0 Fighting
 + Level 4.6 Axes
 - Level 2.4 Armour
 - Level 2.4 Shields


You had 3 spell levels left.
You didn't know any spells.
Your spell library was empty.

Dungeon Overview and Level Annotations

Branches:
Dungeon (3/15)

Altars:
Qazlal


Innate Abilities, Weirdness & Mutations

Your serpentine skin is tough. (AC +1)
You have supernaturally acute eyesight. (SInv)
Armour fits poorly on your strangely shaped body.
Your system is resistant to poisons. (rPois)
You cover ground very slowly.
You can spit poison.
You have a snake-like lower body.


Message History

The phantom hits you!
The phantom blinks!
You blink.
You hit the phantom but do no damage. The phantom hits you!
You slash the phantom!
The phantom is moderately damaged.
You have got your breath back.
The phantom hits you.
The phantom blinks!
You blink.
You are too injured to fight recklessly!
You are too injured to fight recklessly!
You hit the phantom but do no damage.
The phantom is moderately damaged.
The phantom closely misses you.
You slash the phantom!
The phantom is severely damaged.
The phantom hits you.
* * * LOW HITPOINT WARNING * * *
The phantom hits you.
* * * LOW HITPOINT WARNING * * *
Abil: Spit Poison
Press: ? - help, Q - select action Shift-Dir - straight line, f/p - phantom
Aim: a phantom (severely damaged)
The splash of poison hits the phantom.
The phantom completely resists.
The phantom is severely damaged.
The phantom hits you but does no damage.
You closely miss the phantom.
The phantom is severely damaged.
The phantom hits you.
* * * LOW HITPOINT WARNING * * *
The phantom blinks!
You blink.
You hit the phantom but do no damage.
The phantom is severely damaged.
You have got your breath back.
The phantom hits you.
* * * LOW HITPOINT WARNING * * *
You hit the phantom.
The phantom is severely damaged.
The phantom hits you.
* * * LOW HITPOINT WARNING * * *
It was a potion of magic.
Magic courses through your body. The phantom hits you.
You die...

#.#.......#..#
#.#.......#..#
#.^..._......#
#.#.......#..###
###.#.......#....
#...# ..... #:.#
8#.#.
#...####^####..####
....
#.#@W.............#
...#
#.#....#.#####.##.#
...# #.#.#.##... .#
#..## #.....######
.. ##...#####
##...## ###
#........###.....##
#.<..###.#........#
###....#
#....>...#..#
.....###
###.....###.#


You could see a phantom.

Vanquished Creatures
  3 adders
  An adder skeleton (D:2)
  A worm (D:3)
  A dart slug (D:2)
  5 endoplasms
  3 giant cockroaches
  3 goblins
  5 hobgoblins
  5 kobolds
  A quokka (D:2)
  3 ball pythons
  12 bats
  5 frilled lizards
  4 rats
52 creatures vanquished.

Notes
Turn   | Place    | Note
-------+----------+-------------------------------------------
     0 | D:1      | miscthings the Naga Fighter began the quest for the Orb.
     0 | D:1      | Reached XP level 1. HP: 21/21 MP: 1/1
   329 | D:1      | Reached XP level 2. HP: 28/28 MP: 2/2
   412 | D:1      | Found a faded altar of an unknown god.
   462 | D:1      | Reached skill level 3 in Axes
   969 | D:2      | Reached XP level 3. HP: 29/34 MP: 3/3
  1287 | D:2      | Reached skill level 4 in Axes
  1518 | D:2      | Reached XP level 4. HP: 38/42 MP: 4/4
  1803 | D:3      | Found a stormy altar of Qazlal.
  1804 | D:3      | Noticed a phantom
  1821 | D:3      | Slain by a phantom

Illustrated notes

Levels and vault maps discovered:
D:1:      nicolae_arrival_somewhat_less_tricky_arrival, layout_basic,
          hellmonk_ecumenical_altar_crossroads, minmay_hexomino_u4
D:2:      wad_crossroads, layout_basic, lightli_corner_chamber
D:3:      layout_loops_cross, lemuel_tele_altar, doesnt_xom_only_xom,
          lemuel_doored_altar, roderic_roman_lattice, minivault_23,
          corexii_hall_statues_l, minmay_quantized

Skill      XL: |  1  2  3 |
---------------+----------+-----
Axes           | 3 4 |  4.6
Fighting       | |  3.0
Armour         | |  2.4
Shields        | |  2.4

Action                   |  1- 3 |  4- 6 || total
-------------------------+-------+-------++-------
Melee: War axe           |   129 |    31 ||   160
 Abil: Spit Poison       |     3 |     5 ||     8
  Use: Potion            |       |     1 ||     1
Armor: Scale mail        |    75 |    10 ||    85
Dodge: Dodged            |    66 |     2 ||    68
Block: Buckler           |    26 |     2 ||    28

Table legend: (Time is in decaauts)
 A = Elapsed time spent in this place.
 B = Non-inter-level travel time spent in this place.
 C = Inter-level travel time spent in this place.
 D = Time resting spent in this place.
 E = Time spent auto-exploring this place.
 F = Levels seen in this place.
 G = Mean time per level.
                   A        B        C        D        E       F      G
               +--------+--------+--------+--------+--------+-----+--------+
         Total |   2464 |   2399 |     65 |    112 |   1783 |   3 |  821.3 |
       Dungeon |   2464 |   2399 |     65 |    112 |   1783 |   3 |  821.3 |
               +--------+--------+--------+--------+--------+-----+--------+

Top non-repeatable levels by time:
     D:1: 1258 daAuts
     D:2: 1083 daAuts
     D:3: 123 daAuts
